 Dungeon Crawl Stone Soup version 0.31-a0-355-g57cb03d3e8 (webtiles) character file.

Game seed: 2148410999271098379

112 hashsling the Conjurer (level 4, -4/24 HPs)
             Began as a Tengu Conjurer on July 25, 2023.
             Killed from afar by Natasha (7 damage)
             ... with a magic dart
             ... on level 2 of the Dungeon.
             The game lasted 00:05:11 (1934 turns).

hashsling the Conjurer (Tengu Conjurer)             Turns: 1934, Time: 00:05:12

Health: -4/24      AC:  5    Str:  7    XL:     4   Next: 93%
Magic:  6/9        EV: 12    Int: 20    God:
Gold:   117        SH:  0    Dex: 13    Spells: 3/9 levels left

rFire   . . .        g - +0 dagger
rCold   . . .        (no shield)
rNeg    . . .        h - +2 robe {Will+}
rPois   .            (helmet restricted)
rElec   .            m - +0 cloak
rCorr   .            (no gloves)
SInv    .            (boots unavailable)
Will    +....        (no amulet)
Stlth   ++           (no ring)
HPRegen 0.24/turn    (no ring)
MPRegen 0.11/turn

%: no passive effects
@: no status effects
A: beak, talons 3
a: no special abilities


You were on level 2 of the Dungeon.
You visited 1 branch of the dungeon, and saw 2 of its levels.

You collected 117 gold pieces.

Inventory:

Hand Weapons
 g - a +0 dagger (weapon)
Armour
 h - a +2 robe of willpower (worn)
 m - a +0 cloak (worn)
Scrolls
 a - a scroll of brand weapon {unknown}
 d - a scroll of noise {unknown}
 e - a scroll of poison {unknown}
 f - a scroll of identify {unknown}
 i - a scroll of teleportation {unknown}
 j - a scroll of enchant weapon {unknown}
Potions
 c - a potion of lignification {unknown}
 k - a potion of mutation {unknown}
 l - a potion of degeneration {unknown}


   Skills:
 + Level 3.0 Dodging
 - Level 2.0 Stealth
 * Level 3.2 Spellcasting
 * Level 6.5 Conjurations


You had 3 spell levels left.
You knew the following spells:

 Your Spells              Type           Power      Damage    Failure   Level
a - Magic Dart            Conj           100%       1d8       1%          1
b - Searing Ray           Conj           58%        2d6       1%          2
c - Dazzling Flash        Conj/Hex       32%        N/A       11%         3

Your spell library contained the following spells:

 Spells                   Type           Power      Damage    Failure   Level
 Fulminant Prism          Conj/Hex       8%         3d7       34%         4
 Iskenderun's Mystic Bla  Conj/Tloc      16%        2d5       34%         4


Dungeon Overview and Level Annotations

Branches:
Dungeon (2/15)

Altars:

Shops:
D:1 [*[*!

Annotations:
D:2 Natasha


Innate Abilities, Weirdness & Mutations

You have a beak for a mouth.
You have claws for feet.


Message History

Natasha shimmers violently.
The cerulean imp disappears in a puff of smoke!
The cerulean imp hits you from afar with a +0 spear.
* * * LOW HITPOINT WARNING * * *
The cerulean imp disappears in a puff of smoke!
Natasha mumbles some strange words.
Natasha shimmers violently.
The cerulean imp barely misses you.
You see here a +0 hand axe.
The cerulean imp disappears in a puff of smoke!
Natasha mumbles some strange words.
Natasha mumbles some strange words.
Natasha casts a spell.
The cerulean imp hits you from afar with a +1 spear.
* * * LOW HITPOINT WARNING * * *
The cerulean imp closely misses you. Magic courses through your body.
The cerulean imp hits you but does no damage.
Casting: Magic Dart (safe; 1% risk of failure)
Confirm with . or Enter, or press ? or * to list all spells.
Aiming: Searing Ray (safe; 1% risk of failure)
Press: ? - help, Shift-Dir - straight line, p - Natasha The searing ray hits the cerulean imp!
The cerulean imp is severely wounded.
The searing ray hits the cerulean imp.
The cerulean imp is moderately wounded. (Press . to maintain the ray.)
The cerulean imp hits you from afar with a +1 spear.
* * * LOW HITPOINT WARNING * * *
The searing ray hits the cerulean imp!
You kill the cerulean imp!
The cerulean imp disappears in a puff of smoke!
The searing ray hits the cerulean imp!
You kill the cerulean imp!
The cerulean imp disappears in a puff of smoke!
The searing ray hits Natasha but does no damage.
Natasha is severely wounded.
Natasha casts a spell at you. The magic dart hits you!
You die...

#.# #.# #...........### #.#
#.# ##...######...### ###.#
#.# ##.## ###...## ....# #.#
#.# ########..# ##### #.#
#5# ##......##.# #.# #h#
#.....§†.#.# #.# #.#
#...≈≈§..#.# #.# #.#
#..≈≈≈≈..'.# #.# #@#
#..§≈§≈..### #.## #.#
#...≈≈...# #..## #.#
#.[......#
###...###.####......##
########...#........########
.).......#...##.........#
......#####.###.........#
#####.# #.###...).....# #.#
#.............#


You could see Natasha and a cerulean imp (summoned).

Vanquished Creatures
  Natasha (twice) (D:2)
  An adder (D:2)
  A dart slug (D:1)
  4 ball pythons
  4 bats
  2 endoplasms
  3 giant cockroaches
  7 goblins
  8 hobgoblins
  2 jackals (D:2)
  A quokka (D:1)
  3 frilled lizards
  2 kobolds (D:1)
  8 rats
48 creatures vanquished.

Notes
Turn   | Place    | Note
-------+----------+-------------------------------------------
     0 | D:1      | hashsling the Tengu Conjurer began the quest for the Orb.
     0 | D:1      | Reached XP level 1. HP: 10/10 MP: 4/4
   121 | D:1      | Reached XP level 2. HP: 15/15 MP: 4/6
   218 | D:1      | Found Muaxeicw's General Store.
   283 | D:1      | Found Diask's Assorted Antiques.
   346 | D:1      | Found Cokkov's Antique Armour Emporium.
   470 | D:1      | Reached XP level 3. HP: 19/19 MP: 4/7
   779 | D:1      | Found Nayrgh's Distillery.
   861 | D:1      | Found Yzolarr's Antique Armour Emporium.
   968 | D:2      | Reached skill level 6 in Conjurations
  1368 | D:2      | Reached XP level 4. HP: 24/24 MP: 7/9
  1371 | D:2      | Learned a level 2 spell: Searing Ray
  1375 | D:2      | Learned a level 3 spell: Dazzling Flash
  1447 | D:2      | Noticed Natasha
  1452 | D:2      | Killed Natasha
  1798 | D:2      | Noticed Natasha
  1802 | D:2      | Killed Natasha
  1886 | D:2      | Noticed Natasha
  1934 | D:2      | Killed from afar by Natasha

Illustrated notes

Levels and vault maps discovered:
D:1:      mrwooster_arrival_statue_3, layout_rooms, serial_shops,
          nicolae_shop_real_fake_doors, shop, nicolae_shop_tiny_real_fake_doors,
          nicolae_shop_gibbet_a_chance, nicolae_shop_peninsula, minmay_cut_off
D:2:      layout_loops_ring, amcnicky_mini_corridor_feature,
          kennysheep_another_room, nrook_campfire, uniq_natasha

Skill      XL: |  1  2  3  4 |
---------------+-------------+-----
Conjurations   | 6 |  6.5
Spellcasting   | 3 |  3.2
Dodging        | 3 |  3.0
Stealth        | |  2.0

Action                     |  1- 3 |  4- 6 || total
---------------------------+-------+-------++-------
  Melee: Unarmed           |     3 |       ||     3
         Kick              |     2 |     1 ||     3
         Dagger            |     4 |     3 ||     7
   Cast: Magic Dart        |    63 |    22 ||    85
         Searing Ray       |       |     1 ||     1
    Use: Potion            |       |     1 ||     1
 Armour: Robe              |     5 |     7 ||    12
  Dodge: Dodged            |     5 |    10 ||    15

Table legend: (Time is in decaauts)
 A = Elapsed time spent in this place.
 B = Non-inter-level travel time spent in this place.
 C = Inter-level travel time spent in this place.
 D = Time resting spent in this place.
 E = Time spent auto-exploring this place.
 F = Levels seen in this place.
 G = Mean time per level.
                   A        B        C        D        E       F      G
               +--------+--------+--------+--------+--------+-----+--------+
         Total |   1933 |   1913 |     20 |      0 |   1629 |   2 |  966.5 |
       Dungeon |   1933 |   1913 |     20 |      0 |   1629 |   2 |  966.5 |
               +--------+--------+--------+--------+--------+-----+--------+

Top non-repeatable levels by time:
     D:2: 1028 daAuts
     D:1: 904 daAuts
